 Dungeon Crawl Stone Soup version 0.28.0-45-g0d030f2227 (webtiles) character file.

Game seed: 11758596035039504962

547 Icepheonix32 the Digger (level 7, -3/50 HPs)
             Began as a Black Draconian Earth Elementalist on Apr 11, 2022.
             Splashed by a jelly's acid (9 damage)
             ... on level 5 of the Dungeon.
             The game lasted 00:05:29 (4596 turns).

Icepheonix32 the Digger (DrEE)                      Turns: 4596, Time: 00:05:29

Health: -3/50      AC:  3    Str: 10    XL:     7   Next: 7%
Magic:  10/10      EV: 12    Int: 20    God:
Gold:   184        SH:  0    Dex: 14    Spells: 4/10 levels left

rFire   x . .      SeeInvis .   c - staff of death
rCold   + . .      Faith    .   (no shield)
rNeg    + . .      Spirit   .   (armour unavailable)
rPois   .          Reflect  .   (helmet restricted)
rElec   +          Harm     .   g - +0 cloak
rCorr   .          Rampage  .   (no gloves)
Will    .....                   (no boots)
Stlth   ++........              (no amulet)
HPRegen 0.16/turn               q - ring of Jusub {Ice *Corrode Int+2 Dex+3}
MPRegen 0.12/turn               (no ring)

@: corroded
A: breathe lightning, AC +6, unfitting armour, electricity resistance,
cold-blooded
a: Breathe Lightning


You were on level 5 of the Dungeon.
You visited 1 branch of the dungeon, and saw 5 of its levels.

You collected 259 gold pieces.
You spent 75 gold pieces at shops.

Inventory:

Missiles
 b - 52 stones
 n - 8 poisoned darts
Armour
 g - a +0 cloak (worn)
Magical Staves
 c - a staff of death (weapon)
Jewellery
 q - the ring of Jusub (left hand) {Ice *Corrode Int+2 Dex+3}
   (You found it on level 4 of the Dungeon)

   [ring of ice]

   It enhances your ice magic.
   Int:       It affects your intelligence (+2).
   Dex:       It affects your dexterity (+3).
   rF:        It makes you vulnerable to fire.
   rC:        It protects you from cold.
   *Corrode:  It may corrode you when you take damage.
Scrolls
 a - 2 scrolls of noise {unknown}
 d - 4 scrolls of identify
 f - 2 scrolls of fog {unknown}
 h - a scroll of enchant armour {unknown}
 i - a scroll of torment {unknown}
 j - a scroll of fear {unknown}
 k - a scroll of acquirement {unknown}
 o - a scroll of teleportation
 r - a scroll of magic mapping {unknown}
Potions
 e - 3 potions of curing {unknown}
 l - 3 potions of mutation {unknown}
 m - a potion of berserk rage {unknown}
 p - a potion of degeneration {unknown}
 s - a potion of ambrosia {unknown}


   Skills:
 - Level 1.7 Dodging
 - Level 1.7 Stealth
 - Level 2.0 Spellcasting
 * Level 2.9 Conjurations
 - Level 1.0 Transmutations
 + Level 6.2 Earth Magic


You had 4 spell levels left.
You knew the following spells:

 Your Spells              Type           Power      Damage    Failure   Level
a - Sandblast             Erth           52%        2d12      1%          1
b - Stone Arrow           Conj/Erth      40%        3d9       8%          3
c - Passwall              Tmut/Erth      13%        N/A       5%          2

Your spell library contained the following spells:

 Spells                   Type           Power      Damage    Failure   Level
 Shock                    Conj/Air       28%        1d4       9%          1
 Animate Skeleton         Necr           6%         N/A       16%         1
 Pain                     Necr           12%        1d4       16%         1
 Petrify                  Tmut/Erth      16%        N/A       34%         4
 Inner Flame              Hex/Fire       2%         N/A       43%         3
 Swiftness                Air            2%         N/A       43%         3
 Vampiric Draining        Necr           3%         2d6       43%         3
 Airstrike                Air            1%         N/A       83%         4
 Cause Fear               Hex            1%         N/A       83%         4
 Discord                  Hex            1%         N/A       100%        8


Dungeon Overview and Level Annotations

Branches:
Dungeon (5/15)             Temple (0/1) D:5

Altars:
Makhleb

Shops:
D:1 *


Innate Abilities, Weirdness & Mutations

You can breathe wild blasts of lightning.
Your glossy black scales are hard. (AC +6)
You cannot fit into any form of body armour.
You are resistant to electric shocks. (rElec)
You are cold-blooded and may be slowed by cold attacks.


Message History

Where to? (Enter - D:5, ? - help) Sorry, I don't know how to get there.
Found a short sword.
Found a stone staircase leading down.
s - a fuming black potion
Found a staircase to the Ecumenical Temple.
You now have 184 gold pieces (gained 9).
Found a stone staircase leading up.
Found a stone staircase leading down.
There is a stone staircase leading down here.
e - 3 yellow potions (gained 1)
A jelly comes into view.
A jelly is nearby!
The jelly quivers.
You hit the jelly.
Your hands burn!
The jelly is lightly wounded.
The jelly barely misses you. The jelly closely misses you.
The jelly barely misses you. The jelly hits you.
You are splashed with acid!
The jelly misses you. The jelly hits you but does no damage.
The jelly barely misses you. The jelly closely misses you.
The jelly hits you but does no damage. The jelly barely misses you.
The jelly hits you but does no damage. The jelly barely misses you.
The jelly hits you but does no damage. The jelly hits you.
You are splashed with acid!
The jelly misses you. The jelly hits you but does no damage.
The jelly hits you. The acid corrodes you!
You are splashed with acid!
The jelly hits you.
You are splashed with acid!
* * * LOW HITPOINT WARNING * * *
The jelly hits you but does no damage. The jelly closely misses you.
The jelly hits you.
* * * LOW HITPOINT WARNING * * *
You are splashed with acid!
You die...

..#...##########.
#................
.................
.................
.########...#########
#.....###...###.....#
.........>..........#
....................#
................@J..#
.......##....##.....#
#......##....########
##+######.....# .....
#.....# ..... #.....#
..... #.....# #.###
##...## ## #####


You could see a jelly.

Vanquished Creatures
  A black bear (D:4)
  4 scorpions (D:4)
  A jelly (D:4)
  Natasha (thrice) (D:3)
  Robin (D:2)
  2 adders
  An ufetubus (D:4)
  10 ball pythons
  7 endoplasms
  6 giant cockroaches
  15 goblins
  7 hobgoblins
  4 quokkas
  6 bats
  2 frilled lizards (D:3)
  3 kobolds (D:2)
  3 rats
76 creatures vanquished.

Notes
Turn   | Place    | Note
-------+----------+-------------------------------------------
     0 | D:1      | Icepheonix32 the Draconian Earth Elementalist began the
                  | quest for the Orb.
     0 | D:1      | Reached XP level 1. HP: 14/14 MP: 3/3
   255 | D:1      | Reached XP level 2. HP: 20/20 MP: 5/5
   309 | D:1      | Found Bainogi's Assorted Antiques.
   317 | D:1      | Bought a scroll labelled LUOLOT AG FOEST for 25 gold pieces
   624 | D:1      | Bought a scroll labelled SOTSOAHOBB for 25 gold pieces
   827 | D:2      | Reached skill level 4 in Earth Magic
   945 | D:1      | Bought a scroll labelled WOSSONU ORREOF for 25 gold pieces
  1074 | D:2      | Reached XP level 3. HP: 18/26 MP: 6/6
  1255 | D:2      | Noticed Robin
  1285 | D:2      | Killed Robin
  2022 | D:2      | Reached XP level 4. HP: 15/33 MP: 5/7
  2027 | D:2      | Reached skill level 5 in Earth Magic
  2250 | D:2      | Learned a level 3 spell: Stone Arrow
  2253 | D:2      | Learned a level 2 spell: Passwall
  2541 | D:3      | Noticed Natasha
  2555 | D:3      | Killed Natasha
  2731 | D:3      | Found a burning altar of Makhleb.
  2895 | D:3      | Noticed Natasha
  2898 | D:3      | Killed Natasha
  2899 | D:3      | Reached skill level 1 in Conjurations
  3162 | D:3      | Noticed Natasha
  3163 | D:3      | Killed Natasha
  3164 | D:3      | Reached XP level 5. HP: 38/38 MP: 6/8
  3569 | D:4      | Noticed a black bear
  3576 | D:4      | Killed a black bear
  3577 | D:4      | Reached skill level 6 in Earth Magic
  3577 | D:4      | Reached XP level 6. HP: 45/45 MP: 5/9
  3676 | D:4      | Identified the ring of Jusub {Ice *Corrode Int+2 Dex+3}
  3870 | D:4      | Reached skill level 7 in Earth Magic
  4226 | D:4      | Your scales start taking on a glossy black colour.
  4226 | D:4      | Reduced skill Earth Magic to level 6
  4226 | D:4      | Reached XP level 7. HP: 43/50 MP: 4/10
  4226 | D:4      | Gained mutation: You are resistant to electric shocks.
                  | (rElec) [Black Draconian growth]
  4490 | D:5      | Entered Level 5 of the Dungeon
  4512 | D:5      | Found a staircase to the Ecumenical Temple.
  4596 | D:5      | Splashed by a jelly's acid

Illustrated notes

Levels and vault maps discovered:
D:1:      lightli_arrival_statuegarden, layout_rooms, serial_shops, shop
D:2:      kennysheep_six_static_rooms, layout_loops_ring, uniq_robin
D:3:      layout_loops_ring, lemuel_round_altar, uniq_natasha
D:4:      layout_gridville
D:5:      layout_gridville, lemuel_zombie_altar_kikubaaqudgha,
          kennysheep_orc_sif_temple, minmay_temple_entry_slanted, minivault_11

Skill      XL: |  1  2  3  4  5  6 |
---------------+-------------------+-----
Earth Magic    | 4 5 6 6 |  6.2
Conjurations   | 1 2 |  2.9
Dodging        | |  1.7
Stealth        | |  1.7
Spellcasting   | |  2.0
Transmutations | |  1.0

Action                   |  1- 3 |  4- 6 |  7- 9 || total
-------------------------+-------+-------+-------++-------
Melee: Staff             |   112 |    91 |     1 ||   204
       Tailslap          |    13 |    12 |       ||    25
       Punch             |     1 |       |       ||     1
 Cast: Sandblast         |    27 |    33 |       ||    60
       Stone Arrow       |       |     1 |       ||     1
  Use: Scroll            |     2 |       |       ||     2
       Potion            |     2 |       |       ||     2
 Stab: Sleeping          |     5 |     2 |       ||     7
       Distracted        |     1 |       |       ||     1
Armor: Skin              |    61 |    34 |     6 ||   101
Dodge: Dodged            |   107 |    67 |    10 ||   184
